 Dungeon Crawl Stone Soup version 0.27-a0-1334-g2746e35aca (webtiles) character file.

Game seed: 6094208928444111168

7 Gargoyl the Skirmisher (level 2, -23/23 HPs)
             Began as a Gnoll Abyssal Knight on June 26, 2021.
             Was a Follower of Lugonu.
             Killed from afar by a wretched star (35 damage)
             ... with a lance of force
             ... on level 2 of the Abyss.
             The game lasted 00:00:47 (197 turns).

Gargoyl the Skirmisher (Gnoll Abyssal Knight)        Turns: 197, Time: 00:00:47

Health: -23/23     AC:  2    Str:  9    XL:     2   Next: 4%
Magic:  4/4        EV: 11    Int: 11    God:    Lugonu [*.....]
Gold:   119        SH:  0    Dex: 11    Spells: 1/1 levels left

rFire    . . .     SeeInvis .   a - +1 hand axe
rCold    . . .     Faith    .   (no shield)
rNeg     . . .     Spirit   .   b - +0 leather armour
rPois    .         Reflect  .   (no helmet)
rElec    .         Harm     .   (no cloak)
rCorr    +         Rampage  .   (no gloves)
Will     .....                  (no boots)
Stlth    +.........             (no amulet)
HPRegen  0.07/turn              c - ring of resist corrosion
MPRegen  0.09/turn              (no ring)

@: no status effects
A: fangs 1, strong nose, distributed training, low mp 1, weak 1, [deformed
body], [frail 2]
a: Renounce Religion, Depart the Abyss


You were on level 2 of the Abyss.
You worshipped Lugonu.
Lugonu was aware of your devotion.
You visited 0 branches of the dungeon, and saw 0 of its levels.
You visited the Abyss 1 time.

You collected 119 gold pieces.

Inventory:

Hand Weapons
 a - a +1 hand axe (weapon)
Armour
 b - a +0 leather armour (worn)
Jewellery
 c - a ring of resist corrosion (left hand)


   Skills:
 + Level 6.4 Fighting
 + Level 0.2 Short Blades
 + Level 0.2 Long Blades
 + Level 4.4 Axes
 + Level 0.2 Maces & Flails
 + Level 0.2 Polearms
 + Level 0.2 Staves
 + Level 0.2 Slings
 + Level 0.2 Bows
 + Level 0.2 Crossbows
 + Level 0.2 Throwing
 + Level 4.4 Armour
 + Level 2.4 Dodging
 + Level 0.2 Stealth
 + Level 0.2 Shields
 + Level 0.2 Unarmed Combat
 + Level 0.2 Spellcasting
 + Level 0.1 Conjurations
 + Level 0.1 Hexes
 + Level 0.1 Summonings
 + Level 0.1 Necromancy
 + Level 0.1 Translocations
 + Level 0.1 Transmutations
 + Level 0.1 Fire Magic
 + Level 0.1 Ice Magic
 + Level 0.1 Air Magic
 + Level 0.1 Earth Magic
 + Level 0.1 Poison Magic
 + Level 4.4 Invocations
 + Level 0.2 Evocations


You had one spell level left.
You didn't know any spells.
Your spell library was empty.

Dungeon Overview and Level Annotations

Branches:
Dungeon (0/15)

Altars:


Innate Abilities, Weirdness & Mutations

You have very sharp teeth.
Your uncanny sense of smell can sniff out nearby items.
Your experience applies equally to all skills.
Your magical capacity is low. (-10% MP)
You are weak. (Str -2)
[Armour fits poorly on your strangely shaped body.]
[You are very frail. (-20% HP)]


Message History

A shadow comes into view.
A neqoxec comes into view.
You see here a scroll labelled MAHOPI QAHEPN.
Okay, then.
d - a scroll labelled MAHOPI QAHEPN The neqoxec shouts!
As you read the scroll labelled MAHOPI QAHEPN, it crumbles to dust.
Your body is wracked with pain!
* * * LOW HITPOINT WARNING * * *
It was a scroll of torment.
Unknown command.
The neqoxec gestures at you.
Strange energies course through your body.
You feel less energetic. The neqoxec gestures at you.
Strange energies course through your body.
You feel weaker.
Found a broken altar of Ashenzari.
Found a club.
There is a broken altar of Ashenzari here.
The large abomination barely misses you.
The neqoxec gestures at you.
Something tries to feed on your intellect!
Found 18 stones.
Found a corrupted altar of Lugonu.
The large abomination barely misses you.
A wretched star comes into view.
The wretched star pulses with an eldritch light!
You feel frail. x2
A starcursed mass comes into view.
The neqoxec gestures at you.
Something tries to feed on your intellect!
The wretched star pulses with an eldritch light!
Your body twists and deforms.
A glowing orange brain comes into view.
The glowing orange brain turns its attention towards you.
The wretched star glows turbulently.
The lance of force hits you!!
Ouch! That really hurt!
You die...

...§ .#...# .#
#...#.#..##.#... #
#.##...#........#
#.#..#..#3..# .
.#..
..##.#.##.#.#......
. ....#.#..*#
.#.#..##
.#...#....#. ##
#X..#....####
#@#...####
§§....#..#
#####.#### ##. ∆
∆.. ∆..+ ∆ ∆ G.∆
###


You could see a wretched star, a glowing orange brain, a large abomination and a
neqoxec.

Vanquished Creatures
  A white imp (Abyss:2)
1 creature vanquished.

Notes
Turn   | Place    | Note
-------+----------+-------------------------------------------
     0 | Abyss:1  | Gargoyl the Gnoll Abyssal Knight began the quest for the
                  | Orb.
     0 | Abyss:1  | Reached XP level 1. HP: 23/23 MP: 3/3
    26 | Abyss:1  | Noticed a quasit
   122 | Abyss:2  | Reached XP level 2. HP: 9/29 MP: 5/5
   134 | Abyss:2  | Noticed a shadow
   135 | Abyss:2  | Noticed a neqoxec
   138 | Abyss:2  | Gained mutation: Your magical capacity is low. (-10% MP) [a
                  | neqoxec]
   140 | Abyss:2  | Gained mutation: You are weak. (Str -2) [a neqoxec]
   150 | Abyss:2  | Found a broken altar of Ashenzari.
   161 | Abyss:2  | Noticed a large abomination
   172 | Abyss:2  | Found a corrupted altar of Lugonu.
   181 | Abyss:2  | Noticed a wretched star
   183 | Abyss:2  | Noticed a starcursed mass
   197 | Abyss:2  | Noticed a glowing orange brain
   197 | Abyss:2  | Killed from afar by a wretched star

Illustrated notes

Levels and vault maps discovered:
Abyss:2:  base: Temple, hangedman_abyss_or_decor_slice,
          hangedman_abyss_lost_library

Action                   || total
-------------------------++-------
Melee: Hand axe          ||     4
       Bite              ||     1
  Use: Scroll            ||     2
Armor: Leather armour    ||     2
Dodge: Dodged            ||     2

Table legend: (Time is in decaauts)
 A = Elapsed time spent in this place.
 B = Non-inter-level travel time spent in this place.
 C = Inter-level travel time spent in this place.
 D = Time resting spent in this place.
 E = Time spent auto-exploring this place.
 F = Levels seen in this place.
 G = Mean time per level.
                   A        B        C        D        E       F      G
               +--------+--------+--------+--------+--------+-----+--------+
         Total |    196 |    196 |      0 |      0 |     80 |   2 |   98.0 |
         Abyss |    196 |    196 |      0 |      0 |     80 |   2 |   98.0 |
               +--------+--------+--------+--------+--------+-----+--------+

Top non-repeatable levels by time:
 Abyss:2: 153 daAuts
 Abyss:1: 43 daAuts
